 Dungeon Crawl Stone Soup version 0.26.0-45-g9c1d065592 (webtiles) character file.

Game seed: 1142339158971914526

218352 oldmanjim the Warrior (level 18, -3/178 HPs)
             Began as a Minotaur Fighter on Jan 27, 2021.
             Was the Champion of Okawaru.
             Killed from afar by Mara (18 damage)
             ... with a bolt of fire
             ... on level 3 of the Shoals on Jan 29, 2021.
             The game lasted 05:25:25 (42451 turns).

oldmanjim the Warrior (Minotaur Fighter)           Turns: 42451, Time: 05:25:26

Health: -3/178     AC: 31    Str: 30    XL:     18   Next: 41%
Magic:  20/24      EV: 12    Int: 11    God:    Okawaru [******]
Gold:   2385       SH: 16    Dex:  7    Spells: 17/17 levels left

rFire    . . .     SeeInvis +   a - +10 spear "Duuw" {flame, Will+ Str+2 Dex+2}
rCold    + + .     Faith    +   I - +2 kite shield
rNeg     + + +     Spirit   .   W - +5 plate armour of Untold Secrets {rC++ Will+ rCorr}
rPois    .         Reflect  .   O - +1 hat of Giewidia {Harm rC- rN+++ Dex-3}
rElec    +         Harm     +   G - +0 cloak of Quiet Fog {*Drain rElec Will+++ Regen+}
rCorr    +         Rampage  .   g - +2 pair of gloves {archery}
Will     +++++                  n - +1 pair of boots {run}
Stlth    ..........             V - amulet of faith
HPRegen  0.79/turn              B - ring of see invisible
MPRegen  0.19/turn              c - ring of Suspicion {rC+ Will+ Int+6 Dex-3}

@: finesse, quick
A: retaliatory headbutt, horns 2
}: 1/15 runes: gossamer
a: Renounce Religion, Heroism, Finesse


You were on level 3 of the Shoals.
You worshipped Okawaru.
Okawaru was exalted by your worship.
You visited 6 branches of the dungeon, and saw 31 of its levels.
You also visited: Sewer, Bailey and Ice Cave.

You collected 3701 gold pieces.
You spent 1316 gold pieces at shops.

Inventory:

Hand Weapons
 a - the +10 spear "Duuw" (weapon) {flame, Will+ Str+2 Dex+2}
   (You found it on level 4 of the Dungeon)

   It has been specially enchanted to burn those struck by it, causing extra
   injury to most foes and up to half again as much damage against particularly
   susceptible opponents.
   It affects your strength (+2).
   It affects your dexterity (+2).
   It affects your willpower, your defense against some magical effects.
 b - a +5 hand crossbow of freezing
Missiles
 m - 4 javelins (quivered)
 p - 110 bolts
 E - 5 throwing nets
 Z - 11 boomerangs of dispersal
Armour
 g - a +2 pair of gloves of archery (worn)
 n - a +1 pair of boots of running (worn)
 G - the +0 cloak of Quiet Fog (worn) {*Drain rElec Will+++ Regen+}
   (You found it on level 11 of the Dungeon)

   It insulates you from electricity.
   It affects your willpower, your defense against some magical effects.
   It increases your rate of regeneration.
   It causes draining when unequipped.
 I - a +2 kite shield (worn)
 O - the +1 hat of Giewidia (worn) {Harm rC- rN+++ Dex-3}
   (You found it on level 4 of the Lair of Beasts)

   It affects your dexterity (-3).
   It makes you vulnerable to cold.
   It renders you almost immune to negative energy.
   It increases damage dealt and taken.
 W - the +5 plate armour of Untold Secrets (worn) {rC++ Will+ rCorr}
   (You bought it in a shop on level 2 of the Orcish Mines)

   It greatly protects you from cold.
   It affects your willpower, your defense against some magical effects.
   It provides partial protection from all sources of acid and corrosion.
Jewellery
 c - the ring of Suspicion (right hand) {rC+ Will+ Int+6 Dex-3}
   (You found it on level 2 of the Shoals)

   [ring of intelligence]

   It affects your intelligence (+6).
   It affects your dexterity (-3).
   It protects you from cold.
   It affects your willpower, your defense against some magical effects.
 f - an uncursed ring of flight
 h - a +6 ring of intelligence {unknown}
 o - an uncursed ring of poison resistance
 B - a ring of see invisible (left hand)
 F - an uncursed ring of protection from fire
 U - an uncursed ring of positive energy
 V - an amulet of faith (around neck)
Wands
 l - a wand of paralysis (40)
 q - a wand of flame (97)
 s - a wand of digging (9)
 D - a wand of iceblast (48)
 H - a wand of random effects (9)
 J - a wand of disintegration (47)
 S - a wand of acid (16)
 Y - a wand of enslavement (9)
Scrolls
 i - 8 scrolls of immolation
 u - 2 scrolls of blinking
 w - 8 scrolls of fog
 y - 12 scrolls of teleportation
 L - a scroll of summoning
 M - 8 scrolls of identify
 N - 6 scrolls of fear
 P - 9 scrolls of remove curse
 Q - 3 scrolls of holy word
 R - 5 scrolls of silence
Potions
 d - 6 potions of might
 e - 5 potions of haste
 j - 9 potions of heal wounds
 r - 2 potions of invisibility
 v - 3 potions of resistance
 x - 12 potions of curing
 z - 6 potions of ambrosia
 A - 2 potions of lignification
 K - 2 potions of berserk rage
 T - 2 potions of cancellation
Miscellaneous
 C - a box of beasts
 X - a condenser vane


   Skills:
 - Level 20.0 Fighting
 - Level 4.0(12.5) Axes
 + Level 17.7(17.8) Polearms
 + Level 10.2 Crossbows
 - Level 2.0 Throwing
 + Level 15.5 Armour
 - Level 12.0 Dodging
 - Level 0.2 Stealth
 - Level 16.0 Shields
 - Level 10.0 Invocations
 - Level 5.0 Evocations


You had 17 spell levels left.
You didn't know any spells.
Your spell library contained the following spells:

 Spells                   Type           Power        Failure   Level
 Animate Skeleton         Necr           0%           88%         1
 Apportation              Tloc           0%           88%         1
 Beastly Appendage        Tmut           0%           88%         1
 Corona                   Hex            0%           88%         1
 Foxfire                  Conj/Fire      0%           88%         1
 Freeze                   Ice            0%           88%         1
 Magic Dart               Conj           0%           88%         1
 Sandblast                Erth           0%           88%         1
 Sting                    Tmut/Pois      0%           88%         1
 Summon Small Mammal      Summ           0%           88%         1
 Blink                    Tloc           N/A          95%         2
 Call Imp                 Summ           0%           95%         2
 Passwall                 Tmut/Erth      0%           95%         2
 Poisonous Vapours        Pois/Air       0%           95%         2
 Searing Ray              Conj           0%           95%         2
 Slow                     Hex            0%           95%         2
 Wereblood                Tmut           0%           95%         2
 Conjure Flame            Conj/Fire      0%           99%         3
 Dazzling Flash           Conj/Hex       0%           99%         3
 Frozen Ramparts          Ice            0%           99%         3
 Gell's Gravitas          Tloc           0%           99%         3
 Ignite Poison            Fire/Tmut/Pois 0%           99%         3
 Inner Flame              Hex/Fire       0%           99%         3
 Lesser Beckoning         Tloc           0%           99%         3
 Mephitic Cloud           Conj/Pois/Air  0%           99%         3
 Ozocubu's Armour         Ice            0%           99%         3
 Portal Projectile        Hex/Tloc       0%           99%         3
 Spider Form              Tmut/Pois      0%           99%         3
 Stone Arrow              Conj/Erth      0%           99%         3
 Teleport Other           Tloc           0%           99%         3
 Animate Dead             Necr           0%           100%        4
 Cause Fear               Hex            0%           100%        4
 Fulminant Prism          Conj/Hex       0%           100%        4
 Hailstorm                Conj/Ice       0%           100%        4
 Ice Form                 Ice/Tmut       0%           100%        4
 Iskenderun's Mystic Bla  Conj/Tloc      0%           100%        4
 Leda's Liquefaction      Hex/Erth       0%           100%        4
 Olgreb's Toxic Radiance  Pois           0%           100%        4
 Passage of Golubria      Tloc           N/A          100%        4
 Petrify                  Tmut/Erth      0%           100%        4
 Sticky Flame             Conj/Fire      0%           100%        4
 Summon Ice Beast         Ice/Summ       0%           100%        4
 Blade Hands              Tmut           0%           100%        5
 Bolt of Magma            Conj/Fire/Erth 0%           100%        5
 Borgnjor's Vile Clutch   Necr/Erth      0%           100%        5
 Fireball                 Conj/Fire      0%           100%        5
 Irradiate                Conj/Tmut      0%           100%        5
 Iskenderun's Battlesphe  Conj           0%           100%        5
 Lee's Rapid Deconstruct  Erth           0%           100%        5
 Silence                  Hex/Air        0%           100%        5
 Yara's Violent Unravell  Hex/Tmut       0%           100%        5
 Death Channel            Necr           0%           100%        6
 Hydra Form               Tmut           0%           100%        6
 Iron Shot                Conj/Erth      0%           100%        6
 Simulacrum               Ice/Necr       0%           100%        6
 Statue Form              Tmut/Erth      0%           100%        6
 Dragon Form              Tmut           0%           100%        7
 Orb of Destruction       Conj           0%           100%        7
 Spellforged Servitor     Conj/Summ      0%           100%        7
 Discord                  Hex            0%           100%        8


Dungeon Overview and Level Annotations

Branches:
Dungeon (15/15)            Temple (1/1) D:7            Lair (6/6) D:10
 Shoals (3/4) Lair:3       Spider (4/4) Lair:2        Slime (0/5) Lair:5
    Orc (2/2) D:9             Elf (0/3) Orc:2        Vaults (0/5) D:13
 Depths (0/5) D:15          Sewer (visited)          Bailey (visited)
  IceCv (visited)

Altars:
Ashenzari
Cheibriados
Dithmenos
Elyvilon
Fedhas
Gozag
Hepliaklqana
Kikubaaqudgha
Makhleb
Nemelex Xobeh
Okawaru
Qazlal
Ru
Sif Muna
Trog
Uskayaw
Vehumet
Wu Jian
Xom
Yredelemnul
Zin
The Shining One
Beogh

Shops:
D:6 ?   D:7 (?*   D:9 (   D:11 *   D:13 (   Orc:2 [(:*

Annotations:
D:11 3 runed translucent doors, exclusion: 3 doors, Alvadar's ghost, novice DECj
Lair:3 1 runed translucent door, exclusion: door, Limulus's ghost, adept PaWr
Shoals:3 Mara


Innate Abilities, Weirdness & Mutations

You reflexively headbutt those who attack you in melee.
You have a pair of horns on your head.


Message History

You block Mara's attack.
You barely miss oldmanjim's illusion.
You headbutt oldmanjim's illusion, but do no damage.
Oldmanjim's illusion is lightly wounded.
You barely miss oldmanjim's illusion.
Oldmanjim's illusion is lightly wounded.
You block the merfolk's attack.
You hit oldmanjim's illusion but do no damage.
Oldmanjim's illusion is lightly wounded.
Oldmanjim's illusion hits you but does no damage.
The merfolk javelineer throws a silver javelin.
The silver javelin pierces through you!!
* * * LOW HITPOINT WARNING * * *
x2 You hear a splash.
Blink to where?
Press: ? - help, Dir - move target
As you read the scroll of blinking, it crumbles to dust.
Mara gestures at you. The bolt of fire hits you!
You die...

#.≈≈≈≈<#.≈≈≈≈≈≈≈≈...> ...
#.≈≈≈≈.≈≈.(...≈≈..### #...
#.≈≈≈≈≈≈...##.≈≈.## ##....
..≈≈≈≈≈≈≈..###.≈≈.## ###.....≈
..≈≈≈≈≈≈≈....≈≈≈...# ##......
..≈≈≈≈≈≈≈.≈≈≈≈≈≈..## ...≈.# ..
≈≈≈≈≈≈≈≈≈≈.≈≈≈≈..## #..≈.###..
≈≈≈≈≈≈≈≈≈..†≈≈≈.<# #..≈≈....
≈≈≈≈≈≈≈≈≈≈≈≈≈≈.@### ##..≈≈....
≈≈≈≈≈≈≈≈≈≈....(.###..≈≈..###
≈≈≈≈≈≈≈≈≈≈≈≈........≈≈≈..#
≈≈≈≈≈≈≈≈≈≈≈≈§≈≈≈....≈≈≈..##
≈≈≈≈≈≈≈≈≈≈≈≈§(≈.....≈)....#..
≈≈≈≈≈≈≈≈≈≈≈≈≈§≈....#..........
≈≈≈≈≈≈≈≈≈≈≈≈≈R....)####........
≈≈≈≈≈≈≈≈≈≈≈≈.≈≈.....##....####.
≈≈≈≈≈≈≈≈≈...@≈≈≈≈≈≈.......#


You could see Mara.

Vanquished Creatures
  Saint Roka (Orc:1)
  Jorgrun (D:13)
  Frances (Spider:1)
  Agnes (Lair:2)
  Roxanne (Shoals:2)
  Donald (Shoals:1)
  5 ghost moths (Spider:4)
  2 orc warlords (Orc:2)
  The ghost of trckry the Sharpshooter, an adept TeHu of Okawaru (D:14)
  8 emperor scorpions
  A reaper (IceCv)
  Nessos (Orc:2)
  Azrael (D:13)
  7 entropy weavers
  A spark wasp (Spider:4)
  Josephine (D:11)
  2 merfolk impalers
  An ettin (D:15)
  Fannar (Lair:2)
  Erolcha (D:10)
  7 boulder beetles
  A catoblepas (Lair:6)
  4 merfolk avatars
  8 hydras
  Erica (D:9)
  3 centaur warriors
  6 two-headed ogres
  A satyr (Shoals:3)
  2 ogre magi (D:15)
  A queen ant (Spider:1)
  2 alligator snapping turtles
  3 death yaks (Lair:6)
  A tengu warrior (D:15)
  2 orc high priests (Orc:2)
  Urug (Lair:5)
  Nergalle (D:10)
  4 sea snakes
  A deep troll (D:15)
  4 unseen horrors
  2 wizards
  3 skeletal warriors (D:11)
  3 deep elf magi
  11 orc knights
  A wolf spider zombie (D:15)
  3 harpies (Shoals:2)
  25 wolf spiders
  25 orb spiders
  10 fauns
  An oklob plant (D:8)
  6 orc sorcerers (Orc:2)
  3 moths of wrath
  5 cyclopes
  13 elephants
  8 ugly things
  5 manticores
  2 ice statues (IceCv)
  3 water nymphs
  8 merfolk sirens
  5 black mambas
  5 cane toads
  2 kobold demonologists
  4 rime drakes
  10 komodo dragons
  Maggie (D:10)
  8 ice devils (IceCv)
  19 demonic crawlers
  2 efreet
  45 jumping spiders
  17 trolls
  2 harpy zombies
  11 merfolk
  3 polar bears
  3 wind drakes
  10 hornets
  10 blink frogs (Lair:6)
  5 snapping turtles
  17 dream sheep
  4 slime creatures
  A centaur simulacrum (D:14)
  81 redbacks
  7 wraiths
  6 wyverns
  3 water elementals
  36 tarantellas
  14 spriggans (Lair:6)
  30 yaks
  4 fire elementals (D:13)
  9 basilisks
  9 vampire mosquitoes
  11 wargs
  2 acid dragons
  16 soldier ants
  3 hell hounds (D:13)
  12 water moccasins
  9 black bears
  7 sky beasts
  4 ice beasts
  52 orc warriors
  A swamp drake (D:10)
  A necrophage (D:11)
  4 eyes of draining
  15 ogres
  3 boggarts (Lair:6)
  35 wolves
  19 centaurs
  6 big kobolds
  19 bullfrogs
  A gnoll sergeant (D:8)
  A wyvern skeleton (D:14)
  6 scorpions
  22 wights
  14 killer bees
  7 electric eels
  3 lava snakes (Lair:4)
  A centaur zombie (D:4)
  2 howler monkeys (D:10)
  A bullfrog zombie (D:5)
  A quasit (D:6)
  5 hounds
  21 orc priests
  7 jellies
  8 bullfrog skeletons
  6 centaur skeletons
  5 iguanas
  Jessica (D:3)
  19 worker ants
  18 orc wizards
  A killer bee zombie (D:8)
  The ghost of Snicker the Sneak, a weakling DsDe (D:8)
  A hound skeleton (D:8)
  Robin (D:2)
  7 gnolls
  23 adders
  2 river rats (D:6)
  A shadow imp (D:5)
  12 white imps
  10 ufetubi (IceCv)
  10 oozes
  An adder skeleton (D:9)
  A worm (D:2)
  4 dart slugs
  27 leopard geckos
  92 orcs
  6 bats
  A bat zombie (D:2)
  23 giant cockroaches
  22 goblins
  12 hobgoblins
  7 jackals
  49 kobolds
  5 quokkas
  15 ball pythons
  11 frilled lizards
  2 gnoll zombies (D:6)
  2 quokka skeletons
  A quokka zombie (D:8)
  9 rats
1339 creatures vanquished.

Vanquished Creatures (others)
  An adder (D:10)
  3 ufetubi (IceCv)
  An orc (Orc:1)
  42 fungi
  99 plants
  5 withered plants
151 creatures vanquished.

Grand Total: 1490 creatures vanquished

Notes
Turn   | Place    | Note
-------+----------+-------------------------------------------
     0 | D:1      | oldmanjim the Minotaur Fighter began the quest for the Orb.
     0 | D:1      | Reached XP level 1. HP: 19/19 MP: 0/0
   227 | D:1      | Reached XP level 2. HP: 24/27 MP: 1/1
   560 | D:1      | Reached XP level 3. HP: 33/33 MP: 2/2
  1232 | D:2      | Noticed Robin
  1312 | D:2      | Reached skill level 4 in Fighting
  1312 | D:2      | Reached XP level 4. HP: 34/40 MP: 3/3
  1316 | D:2      | Killed Robin
  1570 | D:2      | Reached skill level 1 in Dodging
  2249 | D:3      | Reached skill level 5 in Shields
  2288 | D:3      | Reached XP level 5. HP: 40/46 MP: 4/4
  2712 | D:3      | Reached skill level 1 in Throwing
  3119 | D:3      | Noticed Jessica
  3136 | D:3      | Killed Jessica
  3137 | D:3      | Reached XP level 6. HP: 53/53 MP: 5/5
  3690 | D:4      | Got a fine spear
  3691 | D:4      | Identified the +10 spear "Duuw" {flame, Will+ Str+2 Dex+2}
                  | (You found it on level 4 of the Dungeon)
  3950 | D:4      | Reached skill level 5 in Fighting
  3950 | D:4      | Reached skill level 1 in Polearms
  4096 | D:5      | Entered Level 5 of the Dungeon
  4232 | D:5      | Noticed a sky beast
  4242 | D:5      | Killed a sky beast
  4243 | D:5      | Reached XP level 7. HP: 61/61 MP: 6/6
  4244 | D:5      | Found a blossoming altar of Fedhas.
  4442 | D:5      | Found an ornate altar of the Wu Jian Council.
  4724 | D:5      | Reached skill level 6 in Fighting
  4976 | D:6      | Found Bolucep's Magic Scroll Emporium.
  4994 | D:6      | Reached skill level 7 in Fighting
  4994 | D:6      | Reached XP level 8. HP: 73/73 MP: 7/7
  5016 | D:6      | Found a glowing drain.
  5027 | Sewer    | Entered a sewer
  5407 | D:6      | Reached skill level 8 in Fighting
  5688 | D:6      | Bought a scroll of magic mapping for 49 gold pieces
  6155 | D:6      | Found a basalt altar of Yredelemnul.
  6467 | D:7      | Reached skill level 9 in Fighting
  6492 | D:7      | Found Efoaro's Magic Scroll Boutique.
  6500 | D:7      | Bought a scroll of immolation for 42 gold pieces
  6500 | D:7      | Bought a scroll of fog for 24 gold pieces
  6510 | D:7      | Found Xiwkaps's Assorted Antiques.
  6571 | D:7      | Found Toriyt's Weapon Boutique.
  6679 | D:7      | Found a bloodstained altar of Trog.
  6806 | D:7      | Found an iron altar of Okawaru.
  6806 | D:7      | Found a sacrificial altar of Ru.
  6807 | D:7      | Found a sparkling altar of Nemelex Xobeh.
  6877 | D:7      | Found a staircase to the Ecumenical Temple.
  6895 | D:7      | Got a smoking rapier
  6905 | Temple   | Entered the Ecumenical Temple
  7282 | D:8      | Reached XP level 9. HP: 52/83 MP: 5/8
  7288 | D:7      | Reached skill level 10 in Shields
  7762 | D:8      | Found a transporter.
  7789 | D:8      | Identified the +4 rapier of Moral Flaws {freeze, Int+4}
                  | (You found it on level 7 of the Dungeon)
  7806 | D:8      | Noticed a two-headed ogre
  7807 | D:8      | Noticed an oklob plant
  7867 | D:7      | Reached skill level 10 in Fighting
  8710 | D:8      | Noticed Snicker's ghost (weakling DsDe)
  8710 | D:8      | Noticed a kobold demonologist
  8966 | D:8      | Reached skill level 1 in Evocations
  9046 | D:8      | Found a transporter.
  9326 | D:7      | Became a worshipper of Warmaster Okawaru
  9399 | D:9      | Reached skill level 5 in Armour
  9447 | D:9      | Noticed a troll
  9461 | D:9      | Killed a troll
  9606 | D:9      | Noticed a troll
  9612 | D:9      | Killed a troll
  9612 | D:9      | Reached * piety under Okawaru
  9613 | D:9      | Reached XP level 10. HP: 74/93 MP: 9/9
  9704 | D:9      | Noticed a four-headed hydra
  9715 | D:9      | Killed a four-headed hydra
  9910 | D:9      | Noticed Erica
  9926 | D:9      | Killed Erica
 10193 | D:9      | Reached ** piety under Okawaru
 10324 | D:9      | Found a stormy altar of Qazlal.
 10324 | D:9      | Noticed a two-headed ogre
 10333 | D:9      | Killed a two-headed ogre
 10334 | D:9      | Reached skill level 5 in Evocations
 10488 | D:9      | Found a roughly hewn altar of Beogh.
 10488 | D:9      | Found a staircase to the Orcish Mines.
 10497 | D:9      | Reached *** piety under Okawaru
 10657 | D:9      | Found Erhirch's Antique Weapon Shoppe.
 10739 | D:10     | Entered Level 10 of the Dungeon
 10816 | D:10     | Found a staircase to the Lair.
 11099 | D:10     | Noticed Nergalle
 11103 | D:10     | Reached **** piety under Okawaru
 11104 | D:10     | Reached XP level 11. HP: 99/99 MP: 10/10
 11128 | D:10     | Killed Nergalle
 11129 | D:10     | Reached skill level 15 in Shields
 11721 | D:10     | Reached skill level 1 in Invocations
 11748 | D:10     | Reached skill level 1 in Crossbows
 11809 | D:10     | Noticed Maggie
 11820 | D:10     | Killed Maggie
 11895 | D:10     | Noticed Erolcha
 11919 | D:10     | Killed Erolcha
 11919 | D:10     | Reached ***** piety under Okawaru
 12134 | D:11     | Got an encrusted cloak
 12364 | D:11     | Noticed Josephine
 12378 | D:11     | Killed Josephine
 12378 | D:11     | Received a gift from Okawaru
 12407 | D:11     | HP: 4/101 [wraith[Josephine] (7)]
 12413 | D:11     | HP: 4/101 [wraith[Josephine] (3)]
 12419 | D:10     | HP: 3/101 [wraith[Josephine] (3)]
 12990 | D:10     | Found a staircase to the Lair.
 13688 | D:11     | Identified the +0 cloak of Quiet Fog {*Drain rElec Will+++
                  | Regen+} (You found it on level 11 of the Dungeon)
 13752 | D:11     | Found a runed translucent gate.
 13752 | D:11     | Noticed Alvadar's ghost (novice DECj)
 13753 | D:11     | Found a runed translucent gate.
 13753 | D:11     | Identified the cursed +0 mace of Proximity {protect, Will+
                  | Str+2}
 13753 | D:11     | Identified the +2 chain mail "Gaicvurch" {rC+ Regen+}
 13757 | D:11     | Found a runed translucent gate.
 13758 | D:11     | Found a roughly hewn altar of Beogh.
 13813 | D:11     | Found Heedus's General Store.
 13822 | D:11     | Bought a scroll of teleportation for 54 gold pieces
 13824 | D:11     | Noticed a green ugly thing
 13836 | D:11     | Killed a green ugly thing
 13836 | D:11     | Received a gift from Okawaru
 14034 | D:11     | Got a heavily runed leather armour
 14154 | D:11     | Noticed a skeletal warrior
 14155 | D:11     | Noticed a skeletal warrior
 14155 | D:11     | Noticed a skeletal warrior
 14173 | D:11     | Killed a skeletal warrior
 14185 | D:11     | Killed a skeletal warrior
 14186 | D:11     | Reached skill level 11 in Fighting
 14213 | D:11     | Killed a skeletal warrior
 14213 | D:11     | Received a gift from Okawaru
 14214 | D:11     | Reached XP level 12. HP: 54/110 MP: 7/14
 14223 | D:11     | Got a wizard robe {god gift}
 14312 | D:11     | Identified the +0 robe of the End {Will++ Str-5 Dex+2
                  | Stlth-} (Okawaru gifted it to you on level 11 of the
                  | Dungeon)
 14322 | D:11     | Identified the cursed +1 leather armour of Magic {rN+
                  | Regen+ SInv} (You found it on level 11 of the Dungeon)
 14345 | D:11     | Found a sacrificial altar of Ru.
 14677 | D:12     | Reached skill level 5 in Polearms
 14677 | D:12     | Reached skill level 5 in Crossbows
 14896 | D:12     | Reached skill level 5 in Invocations
 15289 | D:12     | Noticed a boulder beetle
 15328 | D:12     | Killed a boulder beetle
 15792 | Lair:1   | Entered Level 1 of the Lair of Beasts
 15877 | Lair:1   | Reached skill level 12 in Fighting
 15971 | Lair:1   | Noticed a seven-headed hydra
 15979 | Lair:1   | Killed a seven-headed hydra
 15979 | Lair:1   | Received a gift from Okawaru
 16899 | Lair:2   | Reached skill level 10 in Armour
 16992 | Lair:2   | Noticed a four-headed hydra
 17005 | Lair:2   | Killed a four-headed hydra
 17121 | Lair:2   | Noticed Fannar
 17134 | Lair:2   | Killed Fannar
 17134 | Lair:2   | Received a gift from Okawaru
 17135 | Lair:2   | Reached XP level 13. HP: 97/119 MP: 16/16
 17470 | Lair:2   | Reached skill level 13 in Fighting
 17628 | Lair:2   | Found a hole to the Spider Nest.
 18102 | Lair:3   | Reached skill level 5 in Dodging
 18288 | Lair:3   | Found a staircase to the Shoals.
 18518 | Lair:3   | Found a runed translucent door.
 18518 | Lair:3   | Noticed Limulus's ghost (adept PaWr)
 19304 | Lair:4   | Found a frozen archway.
 19316 | IceCv    | Entered an ice cave
 19393 | IceCv    | Received a gift from Okawaru
 19523 | IceCv    | Got a fine hat
 19535 | IceCv    | Identified the cursed +0 hat "Daokak" {rElec rCorr Str+4}
                  | (You found it in an ice cave)
 19574 | IceCv    | Reached skill level 14 in Fighting
 19612 | IceCv    | Noticed a reaper
 19856 | IceCv    | Killed a reaper
 19961 | IceCv    | Identified a scroll of acquirement
 19962 | IceCv    | Got a jewelled war axe
 19963 | IceCv    | Identified the cursed +0 war axe "Laipnaucaf" {drain,
                  | Stlth+} (You found it in an ice cave)
 20218 | IceCv    | Acquired a +3 hand crossbow of freezing
 20787 | Lair:4   | Found a runed translucent door.
 20815 | Lair:4   | Got a translucent whip
 20819 | Lair:4   | Identified the +3 whip of Disharmony {freeze, +Blink Str+4
                  | Dex+3 SInv} (You found it on level 4 of the Lair of Beasts)
 20821 | Lair:4   | Got a twisted hat
 20832 | Lair:4   | Identified the +1 hat of Giewidia {Harm rC- rN+++ Dex-3}
                  | (You found it on level 4 of the Lair of Beasts)
 21148 | Lair:4   | Reached skill level 15 in Fighting
 21405 | Lair:5   | Reached ****** piety under Okawaru
 21636 | Lair:5   | Found a staircase to the Slime Pits.
 21720 | Lair:5   | Received a gift from Okawaru
 21721 | Lair:5   | Reached XP level 14. HP: 135/135 MP: 18/18
 21777 | Lair:5   | Noticed Urug
 21795 | Lair:5   | Killed Urug
 22442 | Lair:6   | Entered Level 6 of the Lair of Beasts
 22491 | Lair:6   | Received a gift from Okawaru
 22610 | Lair:6   | Received a gift from Okawaru
 22751 | Lair:6   | Received a gift from Okawaru
 23022 | Lair:6   | Received a gift from Okawaru
 23174 | Lair:6   | Reached skill level 10 in Polearms
 23406 | Lair:6   | Received a gift from Okawaru
 23448 | Lair:6   | Got a brightly glowing robe {god gift}
 23502 | Lair:6   | Identified the +1 robe of the Game Afoot {Dex-3 Slay+2
                  | Stlth+} (Okawaru gifted it to you on level 6 of the Lair of
                  | Beasts)
 23925 | Lair:6   | Got an ancient shortbow
 23931 | Lair:6   | Identified the cursed +1 shortbow of Megalomania {freeze,
                  | +Blink Str+3 Dex+4} (You found it on level 6 of the Lair of
                  | Beasts)
 24257 | D:6      | Bought a scroll of remove curse for 42 gold pieces
 24257 | D:6      | Bought a scroll of remove curse for 42 gold pieces
 24257 | D:6      | Bought a scroll of blinking for 105 gold pieces
 24412 | D:8      | Killed Snicker's ghost
 25517 | Orc:1    | Entered Level 1 of the Orcish Mines
 25660 | Orc:1    | You fall into a shaft and drop 1 floor!
 25660 | Orc:2    | Entered Level 2 of the Orcish Mines
 25660 | Orc:2    | Found Onaway's General Store.
 25816 | Orc:2    | Noticed Nessos
 26219 | Orc:2    | Found Towa's Antique Weapon Shop.
 26238 | Orc:2    | Reached XP level 15. HP: 108/141 MP: 11/19
 26313 | Orc:2    | Noticed Saint Roka
 26581 | Orc:2    | Killed Nessos
 26800 | Orc:1    | Killed Saint Roka
 26800 | Orc:1    | Received a gift from Okawaru
 27082 | Orc:2    | Noticed an orc warlord
 27094 | Orc:2    | Killed an orc warlord
 27241 | Orc:2    | Found Xaewugom's Antique Armour Boutique.
 27305 | Orc:2    | Bought a runed kite shield for 202 gold pieces
 27369 | Orc:2    | Found Axib's Book Shop.
 27460 | Orc:2    | Found a staircase to the Elven Halls.
 27896 | Orc:1    | Noticed an orc warlord
 27921 | Orc:2    | Killed an orc warlord
 28039 | Orc:1    | Reached skill level 10 in Dodging
 28315 | D:13     | Found a broken altar of Ashenzari.
 28328 | D:13     | Found a flagged portal.
 28340 | Bailey   | Entered a bailey
 28911 | D:13     | Found a gate to the Vaults.
 29005 | D:13     | Found Mutaoling's Antique Weapon Shop.
 29201 | D:13     | Received a gift from Okawaru
 29214 | D:13     | Identified a +1 pair of boots of running (Okawaru gifted it
                  | to you on level 13 of the Dungeon)
 29331 | D:13     | Noticed Azrael
 29339 | D:13     | Killed Azrael
 29547 | D:13     | Noticed Jorgrun
 29556 | D:13     | Killed Jorgrun
 29999 | D:14     | Reached skill level 10 in Invocations
 29999 | D:14     | Found a large runed translucent door.
 30003 | D:14     | Found a large runed translucent door.
 30006 | D:14     | Noticed trckry's ghost (adept TeHu)
 30064 | D:14     | Killed trckry's ghost
 30665 | D:14     | Reached skill level 16 in Fighting
 30830 | D:15     | Entered Level 15 of the Dungeon
 30832 | D:15     | Received a gift from Okawaru
 30845 | D:15     | Reached XP level 16. HP: 151/151 MP: 22/22
 31006 | D:15     | Received a gift from Okawaru
 31051 | D:15     | Acquired a manual of Polearms
 31481 | D:15     | Found a white marble altar of Elyvilon.
 31856 | D:15     | Found a staircase to the Depths.
 32418 | Spider:1 | Entered Level 1 of the Spider Nest
 32759 | Orc:2    | Bought a glimmering plate armour for 756 gold pieces
 32769 | Orc:2    | Identified the +5 plate armour of Untold Secrets {rC++
                  | Will+ rCorr} (You bought it in a shop on level 2 of the
                  | Orcish Mines)
 32927 | Spider:1 | Received a gift from Okawaru
 33872 | Spider:1 | Noticed Agnes
 33887 | Lair:2   | Killed Agnes
 33888 | Lair:2   | Reached skill level 17 in Fighting
 33888 | Lair:2   | Reached skill level 10 in Crossbows
 33923 | Spider:1 | Got a twisted scale mail {god gift}
 33936 | Lair:2   | Identified the +4 scale mail of Parts Unknown {Int+4 Dex+3}
                  | (Okawaru gifted it to you on level 1 of the Spider Nest)
 34232 | Spider:1 | Received a gift from Okawaru
 34460 | Spider:1 | Noticed Frances
 34471 | Spider:1 | Killed Frances
 35532 | Spider:2 | Reached XP level 17. HP: 161/161 MP: 23/23
 35543 | Spider:2 | Reached skill level 15 in Polearms
 35957 | Spider:2 | Received a gift from Okawaru
 36233 | Spider:3 | Received a gift from Okawaru
 36280 | Spider:2 | Received a gift from Okawaru
 36940 | Spider:3 | Reached skill level 15 in Armour
 37828 | Spider:4 | Entered Level 4 of the Spider Nest
 38650 | Spider:4 | Received a gift from Okawaru
 38852 | Spider:4 | Reached skill level 18 in Fighting
 39161 | Spider:4 | Got a gossamer rune of Zot
 39576 | Spider:4 | Reached skill level 19 in Fighting
 39760 | Spider:4 | Got a polished animal skin {god gift}
 39771 | Spider:4 | Identified the +0 animal skin of Sophism {Str+5} (Okawaru
                  | gifted it to you on level 4 of the Spider Nest)
 39962 | Shoals:1 | Entered Level 1 of the Shoals
 40131 | Shoals:1 | You fall into a shaft and drop 1 floor!
 40144 | Shoals:2 | Reached XP level 18. HP: 176/176 MP: 24/24
 40152 | Shoals:2 | Received a gift from Okawaru
 40396 | Shoals:2 | Got a scintillating copper ring
 40398 | Shoals:2 | Noticed Roxanne
 40448 | Shoals:2 | Killed Roxanne
 40706 | Shoals:1 | You fall into a shaft and drop 1 floor!
 40958 | Shoals:1 | Reached skill level 20 in Fighting
 41057 | Shoals:1 | Noticed Donald
 41070 | Shoals:1 | Killed Donald
 41199 | Shoals:1 | Received a gift from Okawaru
 41308 | Shoals:1 | Identified the ring of Suspicion {rC+ Will+ Int+6 Dex-3}
                  | (You found it on level 2 of the Shoals)
 41647 | Shoals:1 | Got a masterwork arbalest {god gift}
 41660 | Shoals:1 | Identified the +10 arbalest "Uduil" {venom, Int+5} (Okawaru
                  | gifted it to you on level 1 of the Shoals)
 42415 | Shoals:3 | Noticed Mara
 42421 | Shoals:3 | Noticed oldmanjim's illusion
 42451 | Shoals:3 | Killed from afar by Mara

Illustrated notes

Levels and vault maps discovered:
D:1:      minmay_arrival_open_corners, layout_basic, st_stairs_13
D:2:      kb_forest_paths, layout_loops_ring, serial_undead, serial_undead_c,
          serial_undead_b, serial_undead_a, serial_undead_b, uniq_robin
D:3:      layout_basic, uniq_jessica
D:4:      black_bear_nest_2, layout_cave_pods, minmay_checkerbox
D:5:      minmay_spotlight, layout_basic, pdpol_wu_jian_five_deadly_venoms,
          nicolae_overflow_crystal_walls
D:6:      layout_gridville, lemuel_zombie_altar_yredelemnul, serial_shops,
          nicolae_shop_temple_entry_statues_fountains, portal_sewer_entry_a
D:7:      layout_basic, lemuel_round_altar, gammafunk_temple_overflow_claw,
          minmay_temple_entry_offerings, serial_shops, shop,
          nicolae_shop_overgrown_old_shop, shop, serial_glass, glass_columns_a,
          glass_columns_c
D:8:      layout_rooms, nzn_ghost_randoct, wad_floor_pattern_untrapped
D:9:      layout_long_grid, david_orc_5, serial_shops, shop,
          nicolae_qazlal_eye_of_the_storm, uniq_erica
D:10:     layout_irregular_city, erik_lair_dragon, uniq_erolcha, uniq_maggie,
          uniq_nergalle
D:11:     layout_irregular_city, serial_shops, shop_statue,
          biasface_ghost_orc_armoury, minmay_variable_closet,
          nicolae_ru_path_of_blood, uniq_josephine
D:12:     layout_stronghold
D:13:     layout_roguey [special_room_orc], david_vaults_1, serial_shops,
          shop_statue, enter_bailey_3, ashenzari_altar_1, uniq_jorgrun,
          uniq_azrael
D:14:     layout_roguey, ebering_ghost_disaster_area
D:15:     hangedman_depths_entry_civil_slaughter, layout_irregular_city,
          lemuel_coloured_pillars_altar, nooodl_orcs_dogs
Temple:   regret_index_temple_generic_petals
Lair:1:   layout_layer_cave, grunt_megastairs_1, lemuel_fruit_fields
Lair:2:   layout_chaotic_city, nicolae_spider_entry_tight_spaces, uniq_fannar
Lair:3:   minmay_lair_venomous_thicket, layout_small_grid,
          minmay_shoals_entry_lonely_mermaid, gammafunk_ghost_grave,
          serial_bayou_shore_a
Lair:4:   gammafunk_indiana_jones, layout_long_grid, serial_bayou,
          serial_bayou_lake_a, serial_bayou_pond_e, serial_bayou_pond_c,
          serial_bayou_crossing, serial_bayou_ford_a, serial_bayou_pond_b,
          portal_ice_cave_rime
Lair:5:   layout_regular_city, minmay_slime_entry_pillars, uniq_urug
Lair:6:   minmay_lair_end_enchanted_forest, layout_hall_layers,
          grunt_megastairs_5
Shoals:1: layout_shoals, uniq_donald
Shoals:2: layout_shoals, uniq_roxanne
Shoals:3: layout_shoals, uniq_polyphemus, uniq_ilsuiw, uniq_mara
Spider:1: layout_spider_delve, minmay_another_anthill, uniq_frances, uniq_agnes
Spider:2: layout_spider_delve, nicolae_spider_cling_ruins
Spider:3: layout_chambers, spiders_nest_spider_trap
Spider:4: grunt_spider_rune_island
Orc:1:    layout_caves
Orc:2:    grunt_orc_gardens, layout_caves, grunt_orc_garden, grunt_orc_garden,
          grunt_orc_garden, grunt_orc_garden, mines2_lemuel, uniq_nessos,
          uniq_saint_roka

Skill      XL: |  1  2  3  4  5  6  7  8  9 10 11 12 13 14 15 16 17 18 |
---------------+-------------------------------------------------------+-----
Shields        | 4 5 6 7 9 11 14 15 16 | 16.0
Armour         | 4 5 6 7 10 13 14 15 | 15.5
Axes           | 3 4 |  4.0
Fighting       | 4 5 7 9 10 11 12 15 16 17 19 20 | 20.0
Dodging        | 1 2 4 8 10 12 | 12.0
Throwing       | 1 2 |  2.0
Polearms       | 2 3 4 7 8 11 14 16 17 | 17.7
Evocations     | 3 5 |  5.0
Invocations    | 4 6 7 10 | 10.0
Crossbows      | 4 5 8 10 | 10.2
Stealth        | |  0.2

Action                   |  1- 3 |  4- 6 |  7- 9 | 10-12 | 13-15 | 16-18 || total
-------------------------+-------+-------+-------+-------+-------+-------++-------
Melee: War axe           |   116 |   152 |       |       |       |       ||   268
       Headbutt          |     5 |    25 |    45 |   156 |   251 |   156 ||   638
       Spear             |       |    27 |   401 |   690 |  1083 |   769 ||  2970
       Shortbow          |       |       |       |       |     1 |       ||     1
 Fire: Hand crossbow     |       |       |     9 |    15 |   611 |   931 ||  1566
Throw: Dart              |       |    20 |    45 |    54 |     9 |       ||   128
       Boomerang         |       |       |    10 |    12 |     3 |       ||    25
       Javelin           |       |       |       |       |     2 |     4 ||     6
Invok: Heroism           |       |       |       |     1 |     8 |     2 ||    11
       Finesse           |       |       |       |       |     8 |     3 ||    11
 Abil: Evoke Flight      |       |       |       |       |     4 |       ||     4
Evoke: Wand              |       |       |       |       |     1 |       ||     1
  Use: Scroll            |       |    12 |     7 |    10 |    17 |     8 ||    54
       Potion            |       |       |     1 |       |     4 |     1 ||     6
Armor: Scale mail        |    53 |    43 |       |       |       |       ||    96
       Chain mail        |       |     3 |   130 |    12 |   211 |    41 ||   397
       Plate armour      |       |       |       |   111 |     3 |   411 ||   525
       Leather armour    |       |       |       |    31 |       |       ||    31
Dodge: Dodged            |    41 |    56 |   106 |   130 |   282 |   349 ||   964
Block: Kite shield       |    61 |   112 |   244 |   342 |   481 |   888 ||  2128
       Buckler           |       |       |       |       |    15 |       ||    15
